 Dungeon Crawl Stone Soup version 0.21.1-1-g345015f (webtiles) character file.

2566 inc the Basher (level 9, 0/63 HPs)
             Began as a Demonspawn Monk on June 9, 2018.
             Was the Champion of Jiyva.
             Slain by a hog (7 damage)
             ... on level 7 of the Dungeon.
             The game lasted 00:12:46 (5426 turns).

inc the Basher (Demonspawn Monk)                    Turns: 5426, Time: 00:12:47

Health: 0/63       AC:  6    Str: 16    XL:     9   Next: 31%
Magic:  9/9        EV: 15    Int: 11    God:    Jiyva [******]
Gold:   223        SH:  0    Dex: 19    Spells: 8/8 levels left

rFire    + . .     SeeInvis .   p - +2 mace (drain)
rCold    . . .     Gourm    .   (no shield)
rNeg     . . .     Faith    .   f - +2 leather armour {rF+}
rPois    +         Spirit   .   q - +0 helmet
rElec    .         Reflect  .   (no cloak)
rCorr    +         Harm     .   (no gloves)
MR       .....                  (no boots)
Stlth    ++++......             (no amulet)
HPRegen  0.60/turn              g - ring of poison resistance
MPRegen  0.11/turn              j - ring of stealth

@: no status effects
A: hooves 1, thin skeletal structure 2, demonic guardian 1, regeneration 1,
tendrils, jelly sensing items
a: Request Jelly, Slimify, Cure Bad Mutation, Renounce Religion


You were on level 7 of the Dungeon.
You worshipped Jiyva.
Jiyva was exalted by your worship.
You were completely stuffed.

You visited 1 branch of the dungeon, and saw 7 of its levels.

You collected 223 gold pieces.

Inventory:

Hand Weapons
 a - a +0 mace
 p - a +2 mace of draining (weapon)
Armour
 b - a +0 robe
 f - a +2 leather armour of fire resistance (worn)
 q - a +0 helmet (worn)
Jewellery
 g - a ring of poison resistance (left hand)
 j - a ring of stealth (right hand)
Scrolls
 d - 3 scrolls of remove curse {unknown}
 e - 4 scrolls of identify {unknown}
 l - 2 scrolls of amnesia {unknown}
 m - a scroll of noise {unknown}
 n - a scroll of teleportation {unknown}
 s - a scroll of enchant armour {unknown}
 t - a scroll of enchant weapon {unknown}
 u - a scroll of fear {unknown}
Potions
 h - 2 potions of curing
 i - a potion of mutation {unknown}
 k - a potion of degeneration {unknown}
 o - 2 potions of might {unknown}
 r - a potion of heal wounds {unknown}
 v - a potion of agility {unknown}
 w - a potion of magic {unknown}
Comestibles
 c - 11 rations


   Skills:
 - Level 3.0 Fighting
 - Level 11.2 Maces & Flails
 + Level 4.5 Dodging
 - Level 1.7 Stealth


You had 8 spell levels left.
You didn't know any spells.

Dungeon Overview and Level Annotations

Branches:
Dungeon (7/15)             Temple (0/1) D:4

Altars:
Cheibriados
Fedhas
Uskayaw
Wu Jian
Yredelemnul
The Shining One
Jiyva


Innate Abilities, Weirdness & Mutations

You have large cloven feet.
You have a moderately thin skeletal structure. (Dex +4, Stealth+)
A weak demonic guardian rushes to your aid.
Your natural rate of healing is unusually fast.
You are covered in slimy tendrils that may disarm your opponents.
You have a small jelly attached to you that senses nearby items.


Message History

You thump the hog! Your kick misses the hog.
The hog is moderately wounded.
You sock the hog! You drain the hog! You kick the hog, but do no damage.
The hog is severely wounded.
The hog bites you. The hog bites you!
You hit the hog. You kick the hog, but do no damage.
The hog is severely wounded.
The hog misses you. The hog bites you.
You hit the hog.
The hog is almost dead.
The hog bites you!
* * * LOW HITPOINT WARNING * * *
The hog closely misses you.
Unknown command.
It was a potion of curing.
You feel better. The hog bites you!
* * * LOW HITPOINT WARNING * * *
The hog bites you but does no damage. The hog bites you.
* * * LOW HITPOINT WARNING * * *
The hog bites you!
You die...

##### ##.@.#####
#### #.hh.....#
#... ##p#####.#
#.## #.5#..#.# #.#
#.)#..#.########.#
#..'..#..........#
#%.#..#.####.#####
#%%#..#.# #.#
#######.# #.#


You could see 2 hogs and a human.

Vanquished Creatures
  The ghost of kae the Insei, a novice DsTm of Okawaru (D:7)
  A yak (D:7)
  A hog (D:7)
  3 ice beasts
  A sky beast (D:5)
  A centaur (D:5)
  An ogre (D:7)
  3 bullfrogs
  A scorpion (D:6)
  4 howler monkeys (D:7)
  3 crimson imps
  A bullfrog zombie (D:5)
  2 hounds
  A bullfrog skeleton (D:6)
  A gnoll shaman (D:3)
  2 orc priests
  3 orc wizards
  An iguana (D:7)
  3 worker ants
  Robin (D:4)
  6 gnolls (D:3)
  4 adders
  2 worms
  3 dart slugs (D:2)
  2 leopard geckos
  17 orcs
  3 ball pythons
  5 giant cockroaches
  7 goblins
  A hobgoblin (D:2)
  4 jackals
  A quokka (D:6)
  6 bats
  6 frilled lizards
  4 kobolds
  6 rats
112 creatures vanquished.

Vanquished Creatures (collateral kills)
  Sigmund (D:5)
  An ogre (D:5)
  The ghost of inc the Shield-Bearer, an amateur FoFi of Okawaru (D:3)
  2 wights (D:6)
  A hound (D:6)
  A gnoll shaman (D:4)
  An orc priest (D:3)
  An iguana (D:2)
  2 orc wizards
  Natasha (D:3)
  8 gnolls
  5 orcs
  2 goblins (D:3)
  4 jackals (D:3)
31 creatures vanquished.

Vanquished Creatures (others)
  2 phantoms (D:6)
  2 ogres
  A bullfrog (D:7)
  A wight (D:6)
  The ghost of Iko the Stinger, a weakling OpVM of Okawaru (D:4)
  16 jellies
  A hound (D:5)
  An orc priest (D:4)
  4 orc wizards
  3 gnoll shamans (D:3)
  Natasha (twice) (D:3)
  2 worker ants
  The ghost of Iko the Ducker, a weakling HaGl (D:5)
  26 gnolls (D:3)
  2 adders
  An ooze (D:4)
  2 adder zombies (D:5)
  A worm (D:3)
  A dart slug (D:3)
  A leopard gecko (D:3)
  19 orcs
  4 hobgoblins
  12 jackals
  2 kobolds (D:3)
  4 quokkas
  9 goblins
  A jackal skeleton (D:5)
  A quokka skeleton (D:5)
  A quokka zombie (D:5)
  4 rats (D:3)
  A fungus (D:4)
129 creatures vanquished.

Grand Total: 272 creatures vanquished

Notes
Turn   | Place    | Note
-------+----------+-------------------------------------------
     0 | D:1      | inc the Demonspawn Monk began the quest for the Orb.
     0 | D:1      | Reached XP level 1. HP: 18/18 MP: 1/1
   159 | D:1      | Reached skill level 3 in Maces & Flails
   237 | D:1      | Gained mutation: A weak demonic guardian rushes to your aid. [demonic ancestry]
   237 | D:1      | Reached XP level 2. HP: 24/24 MP: 2/2
  1014 | D:2      | Gained mutation: You have large cloven feet. [demonic ancestry]
  1014 | D:2      | Reached XP level 3. HP: 29/29 MP: 3/3
  1029 | D:2      | Found a faded altar of an unknown god.
  1129 | D:2      | Became a worshipper of Jiyva Jiraic the Shapeless
  1129 | D:2      | Reached * piety under Jiyva
  1129 | D:2      | Reached ** piety under Jiyva
  1204 | D:2      | Reached skill level 4 in Maces & Flails
  1319 | D:2      | Reached XP level 4. HP: 20/35 MP: 4/4
  1666 | D:2      | Reached *** piety under Jiyva
  1688 | D:3      | Noticed inc's ghost (amateur FoFi)
  1704 | D:3      | Killed inc's ghost
  1704 | D:3      | Reached skill level 5 in Maces & Flails
  1704 | D:3      | Reached XP level 5. HP: 7/41 MP: 5/5
  2059 | D:3      | Gained mutation: Your mind is acute. (Int +2) [Jiyva's grace]
  2103 | D:3      | Reached **** piety under Jiyva
  2143 | D:3      | Lost mutation: Your mind is acute. (Int +2) [Jiyva's grace]
  2203 | D:3      | Reached ***** piety under Jiyva
  2275 | D:3      | Gained mutation: You are resistant to electric shocks. (rElec) [Jiyva's grace]
  2381 | D:3      | Reached skill level 6 in Maces & Flails
  2398 | D:3      | Noticed an ogre
  2423 | D:3      | Gained mutation: You have a somewhat thin skeletal structure. (Dex +2, Stealth) [demonic ancestry]
  2423 | D:3      | Reached XP level 6. HP: 33/47 MP: 6/6
  2495 | D:3      | Killed Natasha
  2501 | D:3      | Noticed Natasha
  2508 | D:3      | Killed Natasha
  2518 | D:3      | Gained mutation: You are covered in slimy tendrils that may disarm your opponents. [Jiyva's grace]
  2518 | D:3      | Reached ****** piety under Jiyva
  2652 | D:3      | Gained mutation: You have an increased reservoir of magic. (+10% MP) [Jiyva's grace]
  2866 | D:3      | Killed Natasha
  3100 | D:4      | Killed Iko's ghost
  3201 | D:4      | Gained mutation: You are dopey. (Int -2) [Jiyva's grace]
  3387 | D:4      | Found a blossoming altar of Fedhas.
  3423 | D:4      | Reached skill level 7 in Maces & Flails
  3560 | D:4      | Noticed Robin
  3568 | D:4      | Killed Robin
  3617 | D:4      | Found a staircase to the Ecumenical Temple.
  3773 | D:5      | Entered Level 5 of the Dungeon
  3788 | D:5      | Lost mutation: You have an increased reservoir of magic. (+10% MP) [Jiyva's grace]
  3888 | D:5      | Noticed a sky beast
  3904 | D:5      | Killed a sky beast
  3904 | D:5      | Reached XP level 7. HP: 38/52 MP: 7/7
  3931 | D:5      | Gained mutation: You have a small jelly attached to you that senses nearby items. [Jiyva's grace]
  4032 | D:5      | Noticed Sigmund
  4041 | D:5      | Killed Sigmund
  4041 | D:5      | Reached skill level 8 in Maces & Flails
  4334 | D:5      | Killed Iko's ghost
  4457 | D:6      | Reached skill level 9 in Maces & Flails
  4457 | D:6      | Gained mutation: You have a moderately thin skeletal structure. (Dex +4, Stealth+) [demonic ancestry]
  4457 | D:6      | Reached XP level 8. HP: 58/58 MP: 8/8
  4502 | D:6      | Lost mutation: You are dopey. (Int -2) [Jiyva's grace]
  4565 | D:6      | Found a hide-covered altar of Uskayaw.
  4603 | D:6      | Lost mutation: You are resistant to electric shocks. (rElec) [Jiyva's grace]
  4617 | D:6      | Reached skill level 10 in Maces & Flails
  4725 | D:6      | Found a basalt altar of Yredelemnul.
  4741 | D:6      | Found a glowing golden altar of the Shining One.
  4745 | D:6      | Noticed an angel
  5014 | D:7      | Found a snail-covered altar of Cheibriados.
  5120 | D:7      | Found an ornate altar of the Wu Jian Council.
  5171 | D:7      | Noticed kae's ghost (novice DsTm)
  5197 | D:7      | Killed kae's ghost
  5197 | D:7      | Reached skill level 11 in Maces & Flails
  5197 | D:7      | Reached XP level 9. HP: 30/63 MP: 9/9
  5280 | D:7      | Gained mutation: Your natural rate of healing is unusually fast. [Jiyva's grace]
  5309 | D:7      | Found a basalt altar of Yredelemnul.
  5426 | D:7      | Slain by a hog

Skill      XL: |  1  2  3  4  5  6  7  8  9 |
---------------+----------------------------+-----
Maces & Flails | 3 4 5 6 7 9 11 | 11.2
Dodging        | 4 |  4.5
Fighting       | |  3.0
Stealth        | |  1.7

Action                   |  1- 3 |  4- 6 |  7- 9 || total
-------------------------+-------+-------+-------++-------
Melee: Mace              |    91 |   162 |   160 ||   413
       Kick              |    12 |    54 |    59 ||   125
  Use: Potion            |       |       |     1 ||     1
 Stab: Sleeping          |     1 |     7 |     7 ||    15
       Distracted        |       |     1 |     3 ||     4
  Eat: Chunk             |     1 |     1 |       ||     2
Armor: Robe              |    11 |       |       ||    11
       Leather armour    |    27 |    29 |    31 ||    87
Dodge: Dodged            |    86 |   103 |    69 ||   258
